 Dungeon Crawl Stone Soup version 0.23-a0-642-g3120c2f (webtiles) character file.

139566 Gorice the Tortoise (level 16, -2/131 HPs)
             Began as a Demonspawn Wanderer on Dec 28, 2018.
             Was the Champion of Makhleb.
             Slain by a shock serpent (4 damage)
             ... on level 1 of the Snake Pit on Dec 30, 2018.
             The game lasted 02:56:19 (33128 turns).

Gorice the Tortoise (Demonspawn Wanderer)          Turns: 33128, Time: 02:56:20

Health: -2/131     AC: 36    Str: 26    XL:     16   Next: 73%
Magic:  0/31       EV:  6    Int: 15    God:    Makhleb [******]
Gold:   1124       SH:  0    Dex: 12    Spells: 17/17 levels left

rFire    + + +     SeeInvis .   a - +1 lajatang (flame)
rCold    . . .     Gourm    .   (shield currently unavailable)
rNeg     . . .     Faith    .   o - +2 crystal plate armour
rPois    +         Spirit   +   n - +0 hat {MR+}
rElec    +         Reflect  .   C - +0 cloak {rF+}
rCorr    .         Harm     .   W - +2 pair of gloves {Str+3}
MR       +++++                  z - +1 pair of boots {Stlth+}
Stlth    ..........             F - amulet of the Catfish {Spirit rF++ MR+++ MP+9 Dex-2}
HPRegen  0.31/turn              p - ring of poison resistance
MPRegen  0.22/turn              y - +6 ring of strength

@: heavily drained
A: antennae 2, thin metallic scales 3, powered by death 3, powered by pain 1
a: Minor Destruction, Lesser Servant of Makhleb, Major Destruction, Greater
Servant of Makhleb, Renounce Religion


You were on level 1 of the Snake Pit.
You worshipped Makhleb.
Makhleb was exalted by your worship.
You were not hungry.

You visited 6 branches of the dungeon, and saw 28 of its levels.
You visited the Abyss 1 time.
You also visited: Volcano.

You collected 3054 gold pieces.
You spent 1930 gold pieces at shops.

Inventory:

Hand Weapons
 a - a +1 lajatang of flaming (weapon)
   (You found it in a volcano)
 B - a +1 blowgun
Missiles
 s - 7 poisoned javelins
 w - 57 tomahawks (quivered)
 A - 8 curare-tipped needles
 Z - 4 throwing nets {!f}
Armour
 n - a +0 hat of magic resistance (worn)
   (You took it off Gastronok on level 11 of the Dungeon)
 o - a +2 crystal plate armour (worn)
 z - a +1 pair of boots of stealth (worn)
   (You bought it in a shop on level 2 of the Orcish Mines)
 C - a +0 cloak of fire resistance (worn)
   (You found it in a volcano)
 W - a +2 pair of gloves of strength (worn)
   (You bought it in a shop on level 15 of the Dungeon)
Jewellery
 i - an uncursed ring of see invisible
 p - a ring of poison resistance (left hand)
 y - a +6 ring of strength (right hand)
 F - the amulet of the Catfish (around neck) {Spirit rF++ MR+++ MP+9 Dex-2}
   (You found it on level 4 of the Lair of Beasts)

   [amulet of guardian spirit]

   It causes incoming damage to be split between your health and magic.
   It affects your dexterity (-2).
   It greatly protects you from fire.
   It affects your resistance to hostile enchantments.
   It affects your magic capacity (+9).
Wands
 c - a wand of iceblast (24)
 d - a wand of polymorph (6)
 e - a wand of disintegration (19)
 j - a wand of scattershot (9)
 l - a wand of paralysis (33)
 v - a wand of flame (29)
 x - a wand of acid (10)
 O - a wand of enslavement (24)
 S - a wand of digging (8)
Scrolls
 u - 4 scrolls of magic mapping {!r}
 E - 11 scrolls of remove curse
 H - 9 scrolls of identify
 I - 3 scrolls of teleportation {!r}
 N - 2 scrolls of fog
Potions
 g - 3 potions of might {!q}
 h - a potion of magic {!q}
 k - 2 potions of agility {!q}
 m - 4 potions of curing
 q - 4 potions of haste {!q}
 r - 2 potions of ambrosia
 t - a potion of resistance {!q}
 D - 2 potions of berserk rage
 Q - 4 potions of flight
Comestibles
 f - 41 rations


   Skills:
 + Level 13.6(11.9) Fighting
   Level 13.1(13.0) Maces & Flails
 - Level 11.6(12.3) Staves
 - Level 16.0(14.2) Armour
   Level 1.3(0.0) Shields
 - Level 1.2(0.0) Spellcasting
   Level 4.1(2.8) Poison Magic
 + Level 9.1(7.6) Invocations
 + Level 5.1(3.8) Evocations


You had 17 spell levels left.
You didn't know any spells.
Your spell library contained the following spells:

 Spells                   Type           Power        Failure   Level  Hunger
 Sting                    Conj/Pois      #...         98%         1    ##.....
 Poisonous Vapours        Pois/Air       #.....       99%         2    ###....
 Magic Dart               Conj           #...         100%        1    ##.....
 Blink                    Tloc           N/A          100%        2    ###....
 Searing Ray              Conj           #.....       100%        2    ###....
 Shroud of Golubria       Chrm/Tloc      #.........   100%        2    ###....
 Conjure Flame            Conj/Fire      #.......     100%        3    ####...
 Dazzling Spray           Conj/Hex       #.....       100%        3    ####...
 Gell's Gravitas          Tloc           #.........   100%        3    ####...
 Ignite Poison            Fire/Tmut/Pois #.......     100%        3    ####...
 Lesser Beckoning         Tloc           #.........   100%        3    ####...
 Mephitic Cloud           Conj/Pois/Air  #.......     100%        3    ####...
 Teleport Other           Tloc           #.......     100%        3    ####...
 Force Lance              Conj/Tloc      #.......     100%        4    #####..
 Fulminant Prism          Conj/Hex       #.........   100%        4    #####..
 Ice Form                 Ice/Tmut       #.......     100%        4    #####..
 Iskenderun's Mystic Bla  Conj           #.......     100%        4    #####..
 Passage of Golubria      Tloc           N/A          100%        4    #####..
 Metabolic Englaciation   Hex/Ice        #.........   100%        5    ######.
 Summon Forest            Summ/Tloc      #.........   100%        5    ######.
 Bolt of Cold             Conj/Ice       #.........   100%        6    #######
 Freezing Cloud           Conj/Ice/Air   #.........   100%        6    #######
 Ozocubu's Refrigeration  Ice            #.........   100%        6    #######
 Simulacrum               Ice/Necr       #.........   100%        6    #######
 Statue Form              Tmut/Erth      #........    100%        6    #######
 Ring of Flames           Chrm/Fire      #.........   100%        7    #######
 Shatter                  Erth           #.........   100%        9    #######


Dungeon Overview and Level Annotations

Branches:
Dungeon (15/15)            Temple (1/1) D:5            Lair (6/6) D:11
  Swamp (3/4) Lair:3        Snake (1/4) Lair:2        Slime (0/5) Lair:5
    Orc (2/2) D:9             Elf (0/3) Orc:2        Vaults (0/5) D:14
 Depths (0/5) D:15

Altars:
Ashenzari
Cheibriados
Dithmenos
Elyvilon
Fedhas
Gozag
Hepliaklqana
Kikubaaqudgha
Makhleb
Nemelex Xobeh
Okawaru
Qazlal
Ru
Sif Muna
Trog
Uskayaw
Vehumet
Wu Jian
Xom
Yredelemnul
Zin
The Shining One
Jiyva

Shops:
D:5 (   D:7 [   D:15 [   Orc:1 (}**:   Orc:2 ([*=:

Annotations:
D:5 3 runed doors, Regeox's ghost, novice HOFi
Lair:5 exclusion: oklob plant
Snake:1 Louise


Innate Abilities, Weirdness & Mutations

You have a pair of antennae on your head.
You are completely covered in thin metallic scales. (AC +4, rElec)
You regenerate a lot of health from kills.
You sometimes gain a little power by taking damage.


Message History

The burst of metal fragments hits the shock serpent.
The burst of metal fragments hits the naga. x2
The burst of metal fragments hits the shock serpent. x3
The shock serpent is severely wounded.
The naga is moderately wounded.
The shock serpent's electric aura discharges violently, shocking you!
You resist.
Your surroundings suddenly seem different.
A naga mage comes into view. It is wielding a +0 club.
The naga mage shouts!
Unknown command.
Unknown command.
Unknown command.
Unknown command.
Unknown command.
A shock serpent comes into view.
The shock serpent hisses angrily.
A black mamba comes into view.
The shock serpent bites you but does no damage.
You closely miss the shock serpent.
The shock serpent shoots out a bolt of lightning at you!
The bolt of electricity hits you! You resist.
* * * LOW HITPOINT WARNING * * *
The shock serpent bites you!
* * * LOW HITPOINT WARNING * * *
The shock serpent shocks you. You resist.
* * * LOW HITPOINT WARNING * * *
Damage: 17 (max 19)
You feel better.
The shock serpent bites you but does no damage.
A salamander comes into view.
It is wielding a +2 halberd of protection.
Unknown command.
Evoke which item? (* to show all) (? for menu, Esc to quit)
Aiming: Dig
Press: ? - help, Shift-Dir - straight line A rock wall.
The rock shatters into small pieces.
Makhleb accepts your kill.
You feel a bit more experienced. The shock serpent bites you.
* * * LOW HITPOINT WARNING * * *
The shock serpent shocks you. You resist.
* * * LOW HITPOINT WARNING * * *
The shock serpent barely misses you.
Damage: 6 (max 19)
The shock serpent bites you but does no damage.
The salamander hits you but does no damage.
The shock serpent bites you!
* * * LOW HITPOINT WARNING * * *
The shock serpent shocks you. You resist.
You die...

#... #.. #.. #..
..S# #.+# #.N#
#..# #.. #..# #{.
#@.# #.# #S## #.#
####.####.###.###
#..N...{N........
#.#######.#...###
# ......... {
##.#.##### {
..#.# ..#
#.......#


You could see a salamander and a shock serpent.

Vanquished Creatures
  Gastronok (D:11)
  A thorn hunter (Swamp:2)
  A frost giant (D:13)
  2 orc warlords (Orc:2)
  An ettin (D:14)
  Josephine (D:12)
  2 ogre magi
  A fire dragon (D:15)
  Fannar (D:11)
  4 shambling mangroves
  3 anacondas (Snake:1)
  13 hydras
  5 catoblepae
  4 centaur warriors
  6 tengu warriors
  9 alligators
  9 two-headed ogres
  8 death yaks
  3 orc high priests (Orc:2)
  Sonja (D:11)
  Urug (Lair:5)
  A spriggan berserker (Swamp:3)
  2 deep elf knights
  An unseen horror (shapeshifter) (D:14)
  4 unseen horrors
  An obsidian statue (D:15)
  2 spriggan druids
  A deep troll (D:14)
  2 swamp dragons
  A wolf spider zombie (D:13)
  2 lindwurms (Volcano)
  5 orc knights
  A deep elf mage (D:15)
  3 ugly things
  3 orc sorcerers (Orc:2)
  2 manticores (Lair:6)
  Maurice (D:8)
  2 toenail golems (Volcano)
  2 cyclopes
  11 elephants
  2 black mambas (Lair:3)
  2 molten gargoyles (Volcano)
  Joseph (D:8)
  5 centaur skeletons
  5 gargoyles
  13 spiny frogs
  2 efreet (Volcano)
  2 rime drakes
  9 komodo dragons
  A yaktaur (D:15)
  A kobold demonologist (D:13)
  A jumping spider (shapeshifter) (D:13)
  2 tengu conjurers
  4 polar bears
  6 trolls
  14 hornets
  31 slime creatures
  Grinder (D:4)
  5 bog bodies
  8 blink frogs
  10 hippogriffs
  9 tyrant leeches
  2 dream sheep (D:9)
  A centaur simulacrum (D:15)
  A meliai zombie (D:12)
  A shadow (Swamp:2)
  A wyvern (Lair:3)
  62 yaks
  A vampire (D:13)
  5 spriggans
  4 fire elementals (Volcano)
  5 wraiths
  2 humans (D:12)
  Grum (D:8)
  Eustachio (D:5)
  4 hungry ghosts
  7 vampire mosquitoes
  3 basilisks
  3 nagas (Lair:2)
  2 wargs
  11 insubstantial wisps
  8 swamp worms
  10 water moccasins
  6 porcupines
  4 sky beasts
  4 phantoms
  33 orc warriors
  9 swamp drakes
  8 ice beasts
  3 necrophages
  2 black bears
  10 ogres
  16 wolves
  2 eyes of draining
  12 centaurs
  5 big kobolds
  8 crocodiles
  16 bullfrogs
  2 gnoll sergeants
  2 earth elementals (Volcano)
  4 scorpions
  A hornet simulacrum (D:14)
  A wyvern skeleton (D:11)
  A water moccasin skeleton (D:5)
  18 killer bees
  3 electric eels (Lair:1)
  A howler monkey (D:5)
  3 wights (D:6)
  6 jellies
  4 centaur zombies
  A bullfrog zombie (D:9)
  8 crimson imps
  3 quasits
  Crazy Yiuf (D:4)
  15 hounds
  A wyvern simulacrum (D:14)
  3 bullfrog skeletons
  24 orc priests
  3 iguanas
  8 worker ants
  29 orc wizards
  A hound zombie (D:8)
  2 worker ant zombies
  15 gnolls
  A howler monkey zombie (D:7)
  12 adders
  2 river rats (D:11)
  A howler monkey skeleton (D:8)
  4 shadow imps
  2 adder zombies
  A worm (D:4)
  4 adder skeletons
  3 dart slugs
  9 leopard geckos
  80 orcs
  2 ball pythons (D:1)
  8 giant cockroaches
  7 goblins
  6 hobgoblins
  5 jackals
  2 quokkas
  7 bats
  7 frilled lizards
  A giant cockroach zombie (D:5)
  20 kobolds
  A quokka skeleton (D:9)
  A quokka zombie (D:5)
  8 rats
  A briar patch (Swamp:2)
  2 fire vortices (Volcano)
  A fungus (D:4)
  A plant (Lair:6)
890 creatures vanquished.

Vanquished Creatures (collateral kills)
  Snorg (D:11)
  Harold (Lair:2)
  Erolcha (D:11)
  Nergalle (Lair:2)
  A swamp dragon (Swamp:2)
  A naga ritualist (Snake:1)
  A black mamba (Snake:1)
  A vampire mosquito (Swamp:2)
  A bullfrog (D:11)
  A hell rat (D:11)
  A shadow imp (D:11)
  A leopard gecko (D:11)
12 creatures vanquished.

Vanquished Creatures (others)
  An ugly thing (D:14)
  A tengu conjurer (D:13)
  A vampire mosquito (Swamp:2)
  A killer bee (D:12)
  A fire vortex (Volcano)
  A fungus (Lair:2)
  9 plants
15 creatures vanquished.

Grand Total: 917 creatures vanquished

Notes
Turn   | Place    | Note
-------+----------+-------------------------------------------
     0 | D:1      | Gorice the Demonspawn Wanderer began the quest for the Orb.
     0 | D:1      | Gorice set off with the following items: a +0 shield, a
                  | potion of lignification {!q}, a +0 robe, a +0 dagger, a
                  | ration; and the following spell memorised: Sting; and the
                  | following spells available to memorise: Ignite Poison
     0 | D:1      | Reached XP level 1. HP: 16/16 MP: 2/2
   442 | D:1      | Gained mutation: You are partially covered in thin metallic
                  | scales. (AC +2) [demonic ancestry]
   442 | D:1      | Reached XP level 2. HP: 18/22 MP: 3/3
  1276 | D:2      | Gained mutation: You have a pair of small antennae on your
                  | head. [demonic ancestry]
  1276 | D:2      | Reached XP level 3. HP: 28/28 MP: 4/4
  1611 | D:2      | Reached skill level 2 in Armour
  1907 | D:2      | Found an ornate altar of the Wu Jian Council.
  1934 | D:2      | Reached skill level 3 in Fighting
  2276 | D:2      | HP: 5/29 [worm (7)]
  2586 | D:3      | Reached XP level 4. HP: 34/35 MP: 5/5
  2673 | D:3      | HP: 10/35 [poisoned by an adder]
  2681 | D:3      | HP: 9/35 [poisoned by an adder]
  3553 | D:3      | Reached skill level 3 in Armour
  3553 | D:3      | Gained mutation: You regenerate a little health from kills.
                  | [demonic ancestry]
  3553 | D:3      | Reached XP level 5. HP: 28/42 MP: 6/6
  3664 | D:3      | Noticed a black bear
  3675 | D:3      | HP: 10/42 [black bear (4)]
  3679 | D:3      | Killed a black bear
  3679 | D:3      | Reached skill level 4 in Fighting
  4455 | D:3      | Reached XP level 6. HP: 40/49 MP: 7/7
  5161 | D:4      | Noticed Grinder
  5165 | D:4      | Paralysed by Grinder for 7 turns
  5179 | D:4      | Paralysed by Grinder for 6 turns
  5188 | D:4      | HP: 13/49 [hound (2)]
  5188 | D:4      | Paralysed by Grinder for 6 turns
  5203 | D:4      | HP: 12/49 [Grinder/nerve-wracking pain (10)]
  5210 | D:4      | Killed Grinder
  5210 | D:4      | Reached skill level 5 in Fighting
  5210 | D:4      | Reached skill level 4 in Armour
  5210 | D:4      | Reached XP level 7. HP: 21/56 MP: 8/8
  5606 | D:4      | Found a runed door.
  5611 | D:4      | Noticed Crazy Yiuf
  5617 | D:4      | Killed Crazy Yiuf
  5635 | D:4      | Got an encrusted mace
  5636 | D:4      | Identified the +9 mace of the Invisible Lives {crush,
                  | Int+5} (You found it on level 4 of the Dungeon)
  5707 | D:5      | Entered Level 5 of the Dungeon
  5743 | D:5      | Found Todeolu's Antique Weapon Shoppe.
  5824 | D:5      | Reached skill level 5 in Armour
  5849 | D:5      | Noticed Eustachio
  6041 | D:5      | Found an ancient bone altar of Kikubaaqudgha.
  6071 | D:5      | Reached skill level 6 in Fighting
  6171 | D:5      | Found a staircase to the Ecumenical Temple.
  6180 | Temple   | Entered the Ecumenical Temple
  6316 | D:5      | Found a runed gate.
  6316 | D:5      | Found a runed gate.
  6316 | D:5      | Found a runed gate.
  6317 | D:5      | Noticed Regeox's ghost (novice HOFi)
  6417 | D:5      | Killed Eustachio
  6417 | D:5      | Reached XP level 8. HP: 55/65 MP: 9/9
  6706 | D:5      | Reached skill level 6 in Armour
  6850 | D:6      | Reached skill level 7 in Fighting
  6942 | D:6      | Found a burning altar of Makhleb.
  6950 | D:6      | Became a worshipper of Makhleb the Destroyer
  7427 | D:6      | Cast into level 1 of the Abyss (gnoll sergeant)
  7474 | D:6      | Escaped the Abyss
  7571 | D:6      | Reached skill level 7 in Armour
  7600 | D:6      | Reached skill level 8 in Fighting
  7740 | D:6      | Reached * piety under Makhleb
  7774 | D:6      | Found a sparkling altar of Nemelex Xobeh.
  7781 | D:6      | Gained mutation: You regenerate health from kills. [demonic
                  | ancestry]
  7781 | D:6      | Reached XP level 9. HP: 39/75 MP: 10/10
  8679 | D:6      | Reached skill level 8 in Armour
  8724 | D:6      | Reached skill level 9 in Fighting
  8847 | D:7      | Found Juit's Armour Emporium.
  9513 | D:8      | Found a deep blue altar of Sif Muna.
  9514 | D:8      | Found a shattered altar of Ashenzari.
  9520 | D:8      | Reached skill level 9 in Armour
  9655 | D:8      | Reached skill level 10 in Fighting
  9810 | D:8      | Noticed Joseph
  9991 | D:8      | Killed Joseph
  9991 | D:8      | Reached XP level 10. HP: 66/85 MP: 11/11
 10018 | D:8      | Noticed Maurice
 10023 | D:8      | Paralysed by Maurice for 3 turns
 10032 | D:8      | Killed Maurice
 10033 | D:8      | Reached ** piety under Makhleb
 10110 | D:8      | Upgraded the game from 0.23-a0-636-g0ff6057 to
                  | 0.23-a0-639-ga9a3373
 10136 | D:8      | Noticed Grum
 10155 | D:8      | Killed Grum
 10483 | D:8      | Paralysed by an orc for 3 turns
 10746 | D:9      | Reached skill level 1 in Maces & Flails
 10801 | D:9      | Found a staircase to the Orcish Mines.
 10944 | D:9      | Reached skill level 2 in Maces & Flails
 10953 | D:9      | Reached skill level 10 in Armour
 10989 | D:9      | Reached skill level 3 in Maces & Flails
 11053 | D:9      | Noticed a three-headed hydra
 11063 | D:9      | Killed a three-headed hydra
 11063 | D:9      | Reached skill level 4 in Maces & Flails
 11208 | D:9      | Reached skill level 5 in Maces & Flails
 11267 | D:9      | Found an opulent altar of Gozag.
 11297 | D:9      | Reached *** piety under Makhleb
 11496 | D:9      | Gained mutation: You are mostly covered in thin metallic
                  | scales. (AC +3) [demonic ancestry]
 11496 | D:9      | Reached XP level 11. HP: 91/91 MP: 12/12
 11663 | Orc:1    | Entered Level 1 of the Orcish Mines
 11668 | Orc:1    | Found Dacluut's Antique Weapon Emporium.
 11693 | Orc:1    | Reached **** piety under Makhleb
 11715 | Orc:1    | Found Godghunaa's Gadget Emporium.
 11719 | Orc:1    | Noticed an orc knight
 11745 | D:9      | Reached skill level 6 in Maces & Flails
 11956 | D:9      | Killed an orc knight
 12013 | Orc:1    | Found Ledaronao's Assorted Antiques.
 12054 | Orc:1    | Found Maseirep's Book Emporium.
 12061 | Orc:1    | Found Cifeuf Jepn's General Store.
 12064 | Orc:1    | Bought a scroll of identify for 34 gold pieces
 12200 | D:10     | Entered Level 10 of the Dungeon
 12201 | D:10     | Noticed an unseen horror
 12213 | D:10     | Killed an unseen horror
 12845 | D:11     | Noticed Fannar
 12862 | D:11     | Killed Fannar
 12862 | D:11     | Reached skill level 7 in Maces & Flails
 12862 | D:11     | Reached skill level 11 in Armour
 12883 | D:11     | HP: 18/91 [cyclops (15)]
 13139 | D:11     | Noticed Gastronok
 13158 | D:11     | Killed Gastronok
 13158 | D:11     | Reached skill level 8 in Maces & Flails
 13220 | D:11     | Noticed Snorg
 13343 | D:11     | Noticed Erolcha
 13347 | D:10     | Reached skill level 1 in Invocations
 13473 | D:11     | Noticed a death yak
 13473 | D:11     | Noticed a death yak
 13494 | D:11     | Noticed a death yak
 13499 | D:11     | Killed a death yak
 13499 | D:11     | Reached skill level 2 in Invocations
 13515 | D:10     | HP: 20/92 [death yak (19)]
 13516 | D:10     | HP: 3/92 [death yak (17)]
 13521 | D:10     | HP: 7/92 [death yak (8)]
 13523 | D:10     | Killed a death yak
 13523 | D:10     | Reached skill level 3 in Invocations
 13814 | D:10     | Killed a death yak
 13814 | D:10     | Reached skill level 9 in Maces & Flails
 13943 | D:11     | Found a staircase to the Lair.
 13995 | D:11     | Reached skill level 4 in Invocations
 14255 | D:11     | Killed Snorg
 14255 | D:11     | Gained mutation: You sometimes gain a little power by
                  | taking damage. [demonic ancestry]
 14255 | D:11     | Reached XP level 12. HP: 84/99 MP: 15/15
 14260 | D:11     | Killed Erolcha
 14262 | D:11     | Reached skill level 5 in Invocations
 14357 | D:11     | Noticed a two-headed ogre
 14365 | D:11     | Killed a two-headed ogre
 14384 | D:11     | Noticed Sonja
 14393 | D:11     | Killed Sonja
 14393 | D:11     | Reached skill level 10 in Maces & Flails
 14486 | Lair:1   | Entered Level 1 of the Lair of Beasts
 14823 | Lair:1   | Reached skill level 6 in Invocations
 14897 | Lair:1   | Noticed a four-headed hydra
 14926 | Lair:1   | Killed a four-headed hydra
 16105 | Lair:2   | Reached skill level 11 in Maces & Flails
 16416 | Lair:2   | Reached ***** piety under Makhleb
 16484 | Lair:2   | Found a staircase to the Snake Pit.
 16619 | Lair:2   | Noticed Harold
 16620 | Lair:2   | Noticed Nergalle
 16644 | Lair:2   | Killed Harold
 16644 | Lair:2   | Reached skill level 12 in Armour
 16652 | Lair:2   | Killed Nergalle
 17090 | Lair:3   | Reached skill level 12 in Maces & Flails
 17395 | Lair:3   | Gained mutation: You regenerate a lot of health from kills.
                  | [demonic ancestry]
 17395 | Lair:3   | Reached XP level 13. HP: 98/104 MP: 17/17
 17573 | Lair:3   | Found a staircase to the Swamp.
 17679 | Lair:3   | HP: 27/104 [catoblepas (7)]
 18561 | Lair:4   | Found a dark tunnel.
 18649 | Volcano  | Entered a volcano
 18765 | Volcano  | Upgraded the game from 0.23-a0-639-ga9a3373 to
                  | 0.23-a0-642-g3120c2f
 19116 | Volcano  | Reached skill level 13 in Maces & Flails
 19473 | Lair:4   | Got a translucent diamond amulet
 19478 | Lair:4   | Identified the amulet of the Catfish {Spirit rF++ MR+++
                  | MP+9 Dex-2} (You found it on level 4 of the Lair of Beasts)
 20208 | D:7      | Bought a +2 crystal plate armour for 1380 gold pieces
 20518 | Lair:5   | Reached skill level 1 in Staves
 20594 | Lair:4   | Reached skill level 2 in Staves
 20639 | Lair:5   | Identified the Handbook of Creative Earth
 20686 | Lair:5   | Reached skill level 13 in Armour
 20691 | Lair:5   | Reached skill level 3 in Staves
 20699 | Lair:5   | Noticed Urug
 20720 | Lair:5   | Killed Urug
 20937 | Lair:5   | Found a staircase to the Slime Pits.
 20937 | Lair:5   | Found a viscous altar of Jiyva.
 21003 | Lair:5   | Reached skill level 4 in Staves
 21398 | Lair:6   | Entered Level 6 of the Lair of Beasts
 21478 | Lair:6   | Reached skill level 5 in Staves
 21552 | Lair:6   | Gained mutation: You have a pair of antennae on your head.
                  | [demonic ancestry]
 21552 | Lair:6   | Reached XP level 14. HP: 91/111 MP: 15/18
 21832 | Lair:6   | Reached skill level 6 in Staves
 22152 | Lair:6   | Reached ****** piety under Makhleb
 22174 | Lair:6   | Reached skill level 7 in Staves
 22610 | Lair:6   | Reached skill level 8 in Staves
 22889 | Orc:2    | Entered Level 2 of the Orcish Mines
 22996 | Orc:2    | Found Yxum's Book Shoppe.
 22999 | Orc:1    | Noticed an orc warlord
 23051 | Orc:2    | Killed an orc warlord
 23307 | Orc:1    | Reached skill level 14 in Armour
 23406 | Orc:1    | Reached skill level 9 in Staves
 23956 | Orc:2    | Noticed an orc warlord
 23971 | Orc:2    | Killed an orc warlord
 24081 | Orc:2    | Reached skill level 10 in Staves
 24101 | Orc:2    | HP: 25/111 [orc warrior/+0 trident (12)]
 24103 | Orc:2    | HP: 11/111 [orc warrior/+0 trident (13)]
 24672 | Orc:2    | Found a staircase to the Elven Halls.
 24901 | Orc:2    | Found Yciovuuqurgh's Antique Armour Emporium.
 24902 | Orc:2    | Found Tadgh's Antique Weapon Shoppe.
 24905 | Orc:2    | Found Sioc's General Store.
 24905 | Orc:2    | Found Wysoig's Jewellery Emporium.
 25009 | Orc:2    | Bought a potion of mutation for 104 gold pieces
 25017 | Orc:2    | Bought a pair of runed boots for 187 gold pieces
 25291 | D:12     | Gained mutation: You are completely covered in thin
                  | metallic scales. (AC +4, rElec) [demonic ancestry]
 25291 | D:12     | Reached XP level 15. HP: 117/117 MP: 19/19
 25393 | D:12     | Noticed Josephine
 25418 | D:12     | Killed Josephine
 25575 | D:12     | Identified the +1 chain mail of Muttered Phrases {Int+4}
                  | (You found it on level 12 of the Dungeon)
 25635 | D:12     | Found an iron altar of Okawaru.
 26201 | D:13     | Reached skill level 11 in Staves
 26417 | D:13     | Noticed a frost giant
 26440 | D:13     | Killed a frost giant
 27224 | D:14     | Reached skill level 11 in Fighting
 27313 | D:14     | Reached skill level 15 in Armour
 27351 | D:14     | Found a gate to the Vaults.
 27442 | D:14     | HP: 35/119 [tengu warrior/+0 battleaxe (12)]
 27450 | D:14     | HP: 28/119 [unseen horror (4)]
 27456 | D:14     | HP: 28/119 [unseen horror (1)]
 28220 | D:15     | Entered Level 15 of the Dungeon
 28487 | D:14     | HP: 29/120 [ettin/+0 dire flail (13)]
 29043 | D:15     | Reached skill level 12 in Fighting
 29074 | D:15     | Found Zeibeitt's Antique Armour Shop.
 29211 | D:15     | Bought a pair of glowing gloves for 225 gold pieces
 29237 | D:15     | Found a staircase to the Depths.
 29800 | Swamp:1  | Entered Level 1 of the Swamp
 29834 | Swamp:1  | Reached XP level 16. HP: 110/127 MP: 20/20
 30611 | Swamp:1  | Reached skill level 16 in Armour
 30875 | Swamp:2  | Noticed a thorn hunter
 30885 | Swamp:2  | Killed a thorn hunter
 30891 | Swamp:2  | Reached skill level 2 in Evocations
 30947 | Swamp:1  | Reached skill level 13 in Fighting
 30973 | Swamp:2  | HP: 14/130 [very large slime creature (32)]
 30978 | Swamp:2  | HP: 30/130 [vampire mosquito (5)]
 30980 | Swamp:2  | HP: 12/130 [shadow (1)]
 31015 | Swamp:2  | Reached skill level 7 in Invocations
 31078 | Swamp:2  | Reached skill level 3 in Evocations
 31814 | Swamp:3  | Reached skill level 8 in Invocations
 31814 | Swamp:3  | Reached skill level 4 in Evocations
 33065 | Snake:1  | Entered Level 1 of the Snake Pit
 33077 | Snake:1  | Noticed Louise
 33088 | Snake:1  | Reached skill level 9 in Invocations
 33088 | Snake:1  | Reached skill level 5 in Evocations
 33111 | Snake:1  | HP: 36/131 [poisoned by a naga ritualist]
 33112 | Snake:1  | HP: 14/131 [mana viper (7)]
 33123 | Snake:1  | HP: 18/131 [shock serpent/bolt of electricity (5)]
 33123 | Snake:1  | HP: 6/131 [shock serpent (3)]
 33128 | Snake:1  | HP: 2/131 [shock serpent (8)]
 33128 | Snake:1  | Slain by a shock serpent

Vault maps used:
D:1:      dpeg_arrival_tiny_a
D:2:      nicolae_overflow_crystal_walls, first_ration
D:3:      hangedman_decor_push
D:4:      uniq_crazy_yiuf_cottage, uniq_grinder
D:5:      kiku_gazebo_garden_becter, minmay_temple_entry_ruins, serial_shops,
          shop, ebering_ghost_rock_garden, kennysheep_generic_room_13,
          uniq_eustachio
D:6:      nemelex_xobeh_ov_fountains_minmay, old_standard_altar
D:7:      serial_shops, shop
D:8:      chequers_temple_overflow_statue_of_worship, uniq_grum, uniq_joseph,
          uniq_maurice
D:9:      grunt_gozag_breadcrumbs, orc_0_dummy, hangedman_ranch,
          minmay_diced_spiral
D:11:     dpeg_lair_monsters, uniq_snorg, uniq_erolcha, uniq_fannar,
          uniq_gastronok, uniq_sonja
D:12:     okawaru_humans, uniq_josephine
D:13:     minmay_coctagon
D:14:     david_vaults_2, serial_column_ruins, column_ruins_hut,
          column_ruins_open_medium, column_ruins_grid_1, column_ruins_grid_1
D:15:     hangedman_depths_entry_civil_slaughter, serial_shops,
          nicolae_shop_window_shopping, minivault_16
Temple:   eino_wide_crystal_templ
Lair:1:   minivault_25, serial_bayou_shore_a, infiniplex_staircase_pool,
          lemuel_fruit_tree, grunt_megastairs_5
Lair:2:   guppyfry_snake_entry_island, minivault_25, grunt_megastairs_2,
          uniq_harold, uniq_nergalle
Lair:3:   swamp_mist_pool, chequers_serial_rivers_small_3, guppyfry_lair_drakes
Lair:4:   lightli_volcano_entry_magma_tube, minivault_26
Lair:5:   slime_altar_1, uniq_urug
Lair:6:   evilmike_catoblepas_cave, fungi_pond_lemuel, hibernation_bobbens
Swamp:1:  hangedman_swamp_cone
Swamp:2:  evilmike_swamp_ruin_house_5
Swamp:3:  cheibrodos_swamp_heart_of_darkness, evilmike_swamp_ruin_rubble_2,
          swamp_pool5
Snake:1:  uniq_agnes, uniq_louise
Orc:1:    serial_shops, nicolae_shop_stone, nicolae_shop_window_shopping, shop,
          nicolae_shop_behind_doors, shop, enter_bailey_2
Orc:2:    st_orc_congregation, serial_shops, shop
Volcano:  volcano_aerie

Skill      XL: |  1  2  3  4  5  6  7  8  9 10 11 12 13 14 15 16 |
---------------+-------------------------------------------------+-----
Armour         | 2 3 4 5 7 9 10 11 12 13 14 15 16 | 16.0
Fighting       | 3 4 5 6 8 10 12 13 | 13.6
Maces & Flails | 5 9 12 13 | 13.1
Invocations    | 4 6 9 |  9.1
Staves         | 5 10 11 | 11.6
Evocations     | 5 |  5.1
Shields        | |  1.3
Spellcasting   | |  1.2
Poison Magic   | |  4.1

Action                   |  1- 3 |  4- 6 |  7- 9 | 10-12 | 13-15 | 16-18 || total
-------------------------+-------+-------+-------+-------+-------+-------++-------
Melee: Dagger            |   165 |       |       |       |       |       ||   165
       Mace              |    35 |       |   323 |   794 |   228 |       ||  1380
       Short sword       |    60 |    72 |       |       |       |       ||   132
       Long sword        |       |   122 |    22 |       |       |       ||   144
       Lajatang          |       |       |       |       |  1831 |   671 ||  2502
 Fire: Hunting sling     |       |     6 |       |     1 |       |       ||     7
       Blowgun           |       |     3 |     1 |       |       |       ||     4
Throw: Stone             |     8 |     4 |       |       |       |       ||    12
       Tomahawk          |       |     3 |    14 |    41 |    11 |       ||    69
Invok: Lesser Servant of |       |       |       |     7 |     1 |     7 ||    15
Evoke: Wand              |       |     2 |     2 |    14 |    16 |     3 ||    37
  Use: Scroll            |     6 |     3 |    11 |     5 |     7 |     5 ||    37
       Potion            |       |     4 |       |     3 |     2 |     7 ||    16
 Stab: Sleeping          |     5 |       |       |       |       |       ||     5
       Distracted        |     1 |       |       |     1 |       |     1 ||     3
       Paralysed         |       |       |       |     9 |       |       ||     9
  Eat: Chunk             |     5 |     9 |    14 |    27 |    45 |    12 ||   112
       Ration            |       |       |     1 |       |       |       ||     1
Armor: Robe              |    24 |       |       |       |       |       ||    24
       Ring mail         |   113 |    80 |       |       |       |       ||   193
       Skin              |       |     9 |       |       |       |       ||     9
       Chain mail        |       |    48 |   373 |   113 |       |       ||   534
       Plate armour      |       |       |       |   403 |   150 |       ||   553
       Crystal plate arm |       |       |       |       |  1938 |   806 ||  2744
       Scale mail        |       |       |       |       |    13 |       ||    13
Dodge: Dodged            |    87 |    73 |   102 |   146 |   594 |   237 ||  1239
Block: Shield            |   110 |    78 |   228 |   327 |    91 |       ||   834
       Rpst.: Long sword |       |    10 |     1 |       |       |       ||    11

Table legend:
 A = Non-vault XP
 B = Vault XP
 C = Vault XP percentage of total XP
 D = Non-vault monster count
 E = Vault monster count
 F = Vault count percentage of total count
                 A         B        C        D         E       F
            +---------+---------+-------+---------+---------+-------
      Total |  136204 |   63176 |  31.7 |     700 |     199 |  22.1
            +---------+---------+-------+---------+---------+-------
        D:1 |      36 |       0 |   0.0 |      21 |       0 |   0.0
        D:2 |      86 |       0 |   0.0 |      24 |       0 |   0.0
        D:3 |     267 |       0 |   0.0 |      28 |       0 |   0.0
        D:4 |      92 |     317 |  77.5 |       7 |       2 |  22.2
        D:5 |     772 |     185 |  19.3 |      25 |       1 |   3.8
        D:6 |    1866 |       0 |   0.0 |      39 |       0 |   0.0
        D:7 |     953 |       0 |   0.0 |      18 |       0 |   0.0
        D:8 |     815 |    1583 |  66.0 |      17 |       7 |  29.2
        D:9 |    2640 |    2707 |  50.6 |      48 |      13 |  21.3
       D:10 |    1630 |    1847 |  53.1 |      13 |       4 |  23.5
       D:11 |    2933 |    5262 |  64.2 |      26 |       9 |  25.7
       D:12 |    7054 |    2309 |  24.7 |      38 |       7 |  15.6
       D:13 |    9847 |    2917 |  22.9 |      33 |       6 |  15.4
       D:14 |   14128 |    5434 |  27.8 |      39 |       6 |  13.3
       D:15 |    7147 |    2867 |  28.6 |      14 |       4 |  22.2
     Lair:1 |    3881 |    1819 |  31.9 |      20 |       5 |  20.0
     Lair:2 |    3961 |    2306 |  36.8 |      11 |       7 |  38.9
     Lair:3 |    6552 |     896 |  12.0 |      22 |       2 |   8.3
     Lair:4 |    6063 |       0 |   0.0 |      27 |       0 |   0.0
     Lair:5 |    7454 |     800 |   9.7 |      27 |       1 |   3.6
     Lair:6 |    6442 |   11894 |  64.9 |      16 |      24 |  60.0
    Swamp:1 |   15584 |       0 |   0.0 |      52 |       0 |   0.0
    Swamp:2 |   14208 |       0 |   0.0 |      33 |       0 |   0.0
    Swamp:3 |    7893 |    4078 |  34.1 |      24 |      11 |  31.4
    Snake:1 |    3623 |       0 |   0.0 |       5 |       0 |   0.0
      Orc:1 |    5716 |    1119 |  16.4 |      34 |       7 |  17.1
      Orc:2 |    4561 |   10051 |  68.8 |      39 |      69 |  63.9
    Volcano |       0 |    4785 | 100.0 |       0 |      14 | 100.0
            +---------+---------+-------+---------+---------+-------

Table legend:
 A = Turns spent in this place as a percentage of turns spent in the entire game.
 B = Non-inter-level travel turns spent in this place as a percentage of non-inter-level travel turns spent in the entire game.
 C = Inter-level travel turns spent in this place as a percentage of turns spent in this place.
 D = Turns resting spent in this place as a percentage of non-inter-level travel turns spent in this place.
 E = Turns spent auto-exploring this place as a percentage of non-inter-level travel turns spent in this place.
 F = Non-inter-level travel turns spent in this place divided by the number of levels of this place that you've seen.
                   A       B       C       D       E      F
               +-------+-------+-------+-------+-------+----------------------
         Total | 100.0 | 100.0 |   6.3 |  22.5 |  36.4 | 1034.6
       Dungeon |  57.4 |  58.1 |   5.2 |  26.7 |  37.7 | 1201.7
        Temple |   0.2 |   0.2 |  29.2 |   0.0 |  96.1 |  51.0
          Lair |  23.2 |  22.5 |   9.1 |  19.8 |  41.1 | 1164.5
         Swamp |   9.5 |   9.1 |   9.8 |   3.9 |  47.8 | 944.7
     Snake Pit |   0.2 |   0.2 |   0.0 |   0.0 |   0.0 |  63.0
  Orcish Mines |   7.5 |   7.7 |   3.0 |  14.3 |  10.0 | 1200.0
         Abyss |   0.1 |   0.2 |   0.0 |   0.0 |   0.0 |  47.0
       Volcano |   1.9 |   2.0 |   0.0 |  50.9 |   0.0 | 631.0
               +-------+-------+-------+-------+-------+----------------------

Vault maps used:
D:1:      dpeg_arrival_tiny_a
D:2:      nicolae_overflow_crystal_walls, first_ration
D:3:      hangedman_decor_push
D:4:      uniq_crazy_yiuf_cottage, uniq_grinder
D:5:      kiku_gazebo_garden_becter, minmay_temple_entry_ruins, serial_shops,
          shop, ebering_ghost_rock_garden, kennysheep_generic_room_13,
          uniq_eustachio
D:6:      nemelex_xobeh_ov_fountains_minmay, old_standard_altar
D:7:      serial_shops, shop
D:8:      chequers_temple_overflow_statue_of_worship, uniq_grum, uniq_joseph,
          uniq_maurice
D:9:      grunt_gozag_breadcrumbs, orc_0_dummy, hangedman_ranch,
          minmay_diced_spiral
D:11:     dpeg_lair_monsters, uniq_snorg, uniq_erolcha, uniq_fannar,
          uniq_gastronok, uniq_sonja
D:12:     okawaru_humans, uniq_josephine
D:13:     minmay_coctagon
D:14:     david_vaults_2, serial_column_ruins, column_ruins_hut,
          column_ruins_open_medium, column_ruins_grid_1, column_ruins_grid_1
D:15:     hangedman_depths_entry_civil_slaughter, serial_shops,
          nicolae_shop_window_shopping, minivault_16
Temple:   eino_wide_crystal_templ
Lair:1:   minivault_25, serial_bayou_shore_a, infiniplex_staircase_pool,
          lemuel_fruit_tree, grunt_megastairs_5
Lair:2:   guppyfry_snake_entry_island, minivault_25, grunt_megastairs_2,
          uniq_harold, uniq_nergalle
Lair:3:   swamp_mist_pool, chequers_serial_rivers_small_3, guppyfry_lair_drakes
Lair:4:   lightli_volcano_entry_magma_tube, minivault_26
Lair:5:   slime_altar_1, uniq_urug
Lair:6:   evilmike_catoblepas_cave, fungi_pond_lemuel, hibernation_bobbens
Swamp:1:  hangedman_swamp_cone
Swamp:2:  evilmike_swamp_ruin_house_5
Swamp:3:  cheibrodos_swamp_heart_of_darkness, evilmike_swamp_ruin_rubble_2,
          swamp_pool5
Snake:1:  uniq_agnes, uniq_louise
Orc:1:    serial_shops, nicolae_shop_stone, nicolae_shop_window_shopping, shop,
          nicolae_shop_behind_doors, shop, enter_bailey_2
Orc:2:    st_orc_congregation, serial_shops, shop
Volcano:  volcano_aerie
